Map: Jagannatha LE

Players

AgentFSH - Winner!

  • Race: Protoss Protoss
  • League: Silver
  • Spawn Location: 1:00

pyros

  • Race: Zerg Zerg
  • Spawn Location: 7:00

VOD

Have the link to the VOD?

Description

Time

  • Played on: Oct. 3, 2020, 2:24 a.m.
  • Length: 24:51
Show
View Real Time Build Order
Export as new Build Order

AgentFSH Protoss - Winner!

Build Orders:  

Get SALT Encoding   

  12  0:01  Probe  
  13  0:13  Probe  
  14  0:25  Probe  
  14  0:27  Pylon  
  15  0:45  Probe  
  16  0:57  Probe  
  16  0:58  Gateway  
  17  1:09  Probe (Chrono Boost)  
  18  1:21  Probe (Chrono Boost)  
  19  1:26  Assimilator  
  19  1:28  Pylon  
  19  1:29  Probe (Chrono Boost)  
  20  1:51  Probe (Chrono Boost)  
  21  2:03  Probe (Chrono Boost)  
  21  2:05  Assimilator  
  22  2:11  Probe (Chrono Boost), Cybernetics Core  
  23  2:19  Gateway  
  23  2:22  Nexus  
  23  2:27  Probe (Chrono Boost), Pylon  
  25  2:39  Probe (Chrono Boost)  
  25  2:44  Probe (Chrono Boost)  
  25  2:47  Stalker  
  28  2:53  Probe  
  29  3:05  Probe  
  29  3:08  Stalker  
  32  3:17  Stalker  
  32  3:18  Probe (Chrono Boost)  
  36  3:27  Probe (Chrono Boost)  
  36  3:34  Probe (Chrono Boost)  
  36  3:36  Pylon  
  36  3:37  Probe (Chrono Boost)  
  36  3:38  Sentry  
  36  3:40  Pylon  
  40  3:44  Probe (Chrono Boost), Assimilator  
  40  3:46  Assimilator  
  40  3:47  Probe (Chrono Boost)  
  42  3:49  Probe (Chrono Boost)  
  42  3:55  Stalker  
  45  3:57  Probe  
  45  3:59  Warp Gate  
  45  4:00  Probe  
  47  4:04  Stalker  
  49  4:13  Probe x2  
  49  4:14  Robotics Facility  
  51  4:22  Phoenix  
  51  4:25  Probe x2  
  51  4:28  Nexus  
  53  4:33  Pylon  
  53  4:37  Probe x2  
  55  4:43  Stalker x2  
  59  4:56  Probe (Chrono Boost)  
  59  4:58  Probe (Chrono Boost)  
  61  5:09  Probe (Chrono Boost)  
  61  5:13  Stalker x2  
  67  5:14  Probe (Chrono Boost)  
  67  5:17  Pylon  
  67  5:18  Pylon  
  67  5:34  Probe (Chrono Boost)  
  67  5:35  Probe (Chrono Boost)  
  70  5:43  Probe (Chrono Boost)  
  70  5:44  Probe (Chrono Boost)  
  70  5:45  Probe (Chrono Boost)  
  73  5:50  Probe (Chrono Boost)  
  73  5:52  Probe x2 (Chrono Boost)  
  73  6:04  Stalker x2  
  77  6:15  Probe (Chrono Boost)  
  80  6:20  Probe x2 (Chrono Boost)  
  80  6:25  Probe (Chrono Boost)  
  79  6:28  Probe (Chrono Boost), Stalker  
  79  6:29  Probe (Chrono Boost), Stalker  
  79  6:32  Observer  
  86  6:49  Probe x2 (Chrono Boost)  
  86  6:51  Probe (Chrono Boost)  
  86  6:53  Immortal  
  93  6:54  Assimilator  
  93  6:56  Assimilator  
  93  6:59  Probe x3 (Chrono Boost)  
  96  7:02  Gateway  
  96  7:04  Gateway  
  96  7:07  Pylon  
  96  7:22  Nexus  
  96  7:25  Pylon  
  96  7:32  Immortal  
  100  7:41  Stalker  
  100  7:42  Stalker  
  104  8:00  Gateway x2  
  104  8:04  Gateway  
  104  8:07  Gateway  
  104  8:25  Probe x3  
  107  8:29  Stalker  
  107  8:37  Probe x3  
  107  8:38  Stalker  
  107  8:39  Stalker x2  
  100  8:53  Probe x4  
  97  9:01  Stalker x5  
  99  9:05  Probe x3  
  99  9:06  Probe  
  93  9:21  Shield Battery  
  93  9:22  Shield Battery  
  87  9:25  Probe x4  
  89  9:32  Stalker x4  
  89  9:33  Stalker x4  
  89  9:37  Probe  
  104  9:46  Probe x3  
  104  9:49  Probe  
  104  9:51  Pylon  
  108  9:54  Pylon  
  108  9:58  Probe x2  
  108  9:59  Assimilator  
  110  10:00  Stalker x4  
  110  10:01  Stalker x4, Assimilator  
  126  10:15  Immortal  
  126  10:17  Robotics Bay  
  126  10:18  Probe x4  
  134  10:44  Stalker x4  
  134  10:45  Stalker x3  
  148  10:54  Pylon  
  148  10:57  Pylon  
  148  11:05  Pylon  
  148  11:09  Pylon  
  148  11:13  Immortal  
  148  11:17  Pylon  
  152  11:20  Pylon  
  152  11:22  Shield Battery  
  152  11:24  Pylon  
  144  11:26  Shield Battery  
  144  11:29  Gateway  
  144  11:32  Gateway  
  144  11:33  Stalker x4  
  144  11:34  Stalker x4  
  155  11:56  Colossus  
  155  12:05  Forge  
  155  12:07  Twilight Council  
  153  12:09  Forge  
  153  12:12  Forge  
  153  12:14  Stalker x2  
  153  12:15  Stalker x5  
  165  12:16  Stalker  
  165  12:20  Nexus  
  167  12:24  Pylon  
  167  12:27  Pylon  
  161  12:37  Stalker x2  
  161  12:38  Stalker x5  
  161  12:39  Stalker x2  
  161  12:40  Stalker  
  181  12:49  Colossus  
  187  12:54  Robotics Facility  
  187  12:57  Robotics Facility  
  187  13:11  Stalker  
  187  13:12  Stalker x4  
  195  13:13  Stalker, Protoss Ground Weapons Level 1 (Chrono Boost)  
  195  13:14  Protoss Shields Level 1 (Chrono Boost), Protoss Ground Armor Level 1 (Chrono Boost)  
  199  13:29  Templar Archives  
  191  14:21  Photon Cannon  
  191  14:23  Photon Cannon  
  182  14:24  Stalker x2  
  182  14:25  Stalker x6  
  182  14:26  Photon Cannon, Stalker x2  
  182  14:28  Photon Cannon  
  182  14:31  Probe x4, Shield Battery  
  183  14:35  Shield Battery  
  165  14:40  Photon Cannon  
  165  14:42  Photon Cannon, Assimilator  
  165  14:43  Probe x3, Assimilator  
  122  14:46  Photon Cannon  
  122  14:47  Photon Cannon  
  122  14:51  Photon Cannon  
  122  14:52  Photon Cannon  
  100  14:54  Photon Cannon  
  100  14:57  Photon Cannon  
  100  15:00  Shield Battery  
  100  15:03  Shield Battery  
  100  15:07  Stalker  
  100  15:08  Stalker x5  
  100  15:09  Stalker x2  
  100  15:10  Stalker, Colossus x2  
  136  15:14  Stalker  
  94  15:38  Observer  
  94  15:42  Stalker x2  
  89  15:43  Stalker x4  
  89  15:44  Stalker x2  
  96  16:00  Observer  
  96  16:03  Colossus  
  96  16:04  Colossus  
  95  16:12  Stalker x6  
  95  16:13  Stalker  
  93  16:38  Stalker x3  
  93  16:39  Stalker x4  
  97  17:02  Stalker x2  
  97  17:03  Stalker x5  
  111  17:29  Pylon  
  111  17:32  Pylon  
  111  17:35  Pylon  
  111  17:36  Stalker  
  111  17:37  Stalker x6  
  115  17:42  Probe  
  115  17:43  Probe x3  
  124  17:55  Probe x4  
  128  18:02  Stalker x4  
  128  18:03  Stalker x3  
  142  18:07  Probe x4  
  146  18:14  Gateway  
  146  18:19  Probe x2  
  148  18:34  Pylon  
  148  18:36  Nexus  
  148  18:38  Pylon  
  148  18:43  Assimilator  
  148  18:45  Stalker x2  
  148  18:46  Stalker x5, Assimilator  
  162  18:51  Colossus  
  164  19:16  Stalker x3  
  146  19:18  Stalker x3  
  146  19:19  Stalker  
  146  19:20  Probe x2  
  146  19:21  Probe  
  150  19:26  Stalker  
  149  19:41  Colossus  
  155  19:45  Stalker  
  155  19:46  Stalker x2  
  155  19:51  Probe x3  
  155  19:52  Probe  
  165  20:03  Probe  
  165  20:06  Probe  
  167  20:14  Stalker  
  167  20:15  Stalker x2  
  167  20:16  Stalker  
  167  20:18  Probe  
  164  20:28  Probe x3  
  164  20:29  Probe x2  
  164  20:30  Probe  
  164  20:33  Stalker x2  
  173  20:40  Probe  
  173  20:42  Probe  
  175  20:46  Probe x4  
  179  20:52  Probe  
  179  20:54  Probe  
  181  20:58  Probe x3  
  181  20:59  Probe  
  181  21:00  Stalker x2  
  181  21:01  Stalker  
  191  21:04  Probe  
  191  21:08  Stalker  
  194  21:13  Stalker x2  
  188  21:28  Probe  
  188  21:29  Probe x5  
  169  21:40  Probe  
  169  21:41  Probe x5  
  169  21:45  Stalker  
  169  21:53  Probe x3  
  169  22:05  Stalker x2  
  169  22:06  Stalker x2  
  174  22:17  Stalker  
  174  22:18  Stalker  
  167  23:10  Stalker x3  
  167  23:11  Stalker x5  
  182  23:26  Observer  
  181  23:33  Colossus  
  185  23:46  Probe x3  
  185  23:47  Probe  
  185  23:48  Observer  
  190  24:06  Probe x2  
  190  24:07  Probe x2  
Show
View Real Time Build Order
Export as new Build Order

pyros Zerg 

Build Orders: Hatch First, Lurkers 

Get SALT Encoding   

  12  0:00  Drone  
  13  0:17  Overlord  
  13  0:20  Drone  
  14  0:35  Drone x2  
  16  0:39  Drone  
  17  0:50  Drone  
  18  1:00  Drone, Hatchery  
  18  1:07  Extractor  
  17  1:11  Drone  
  18  1:20  Spawning Pool  
  18  1:22  Drone  
  18  1:39  Drone  
  19  1:44  Drone  
  20  1:55  Drone  
  21  2:08  Overlord  
  21  2:11  Queen  
  21  2:13  Queen  
  25  2:20  Drone  
  25  2:22  Drone  
  27  2:29  Drone x2  
  29  2:38  Metabolic Boost  
  29  2:41  Drone x2  
  31  2:49  Queen  
  33  2:54  Drone x2  
  35  3:02  Drone  
  35  3:04  Pneumatized Carapace  
  36  3:10  Roach Warren  
  36  3:11  Overlord  
  35  3:13  Drone  
  35  3:14  Overlord  
  36  3:29  Overlord  
  36  3:35  Hatchery  
  36  3:36  Drone x2  
  36  3:37  Drone  
  36  3:40  Drone  
  36  3:41  Extractor, Drone  
  38  3:44  Drone  
  38  3:48  Overlord  
  40  4:06  Overlord  
  40  4:18  Roach x3  
  40  4:19  Roach x4  
  54  4:26  Lair  
  54  4:29  Drone x2  
  56  4:57  Drone x5  
  56  4:58  Drone x7  
  68  5:00  Queen  
  68  5:01  Drone  
  71  5:22  Spore Crawler  
  70  5:30  Spore Crawler  
  69  5:36  Ravager x5  
  69  5:38  Drone x3  
  69  5:39  Drone x3  
  69  5:42  Extractor  
  79  5:45  Overlord x2, Drone x2  
  79  5:46  Extractor, Overlord x2  
  70  6:30  Drone x3  
  70  6:31  Drone x2  
  75  6:39  Zergling x8  
  81  6:40  Hydralisk Den, Zergling x6  
  81  6:48  Evolution Chamber  
  81  6:53  Hatchery  
  79  7:01  Roach x2  
  79  7:02  Roach x4  
  79  7:04  Overlord  
  91  7:13  Roach x6  
  91  7:14  Roach  
  105  7:16  Muscular Augments  
  105  7:20  Drone  
  105  7:21  Drone  
  107  7:29  Evolution Chamber  
  106  7:31  Drone x2  
  106  7:32  Drone  
  109  7:41  Drone x2  
  109  7:42  Drone x2  
  113  7:46  Extractor  
  113  7:48  Spore Crawler  
  110  7:53  Zergling x12  
  110  7:54  Zergling x6  
  119  8:11  Roach x3, Spore Crawler  
  119  8:12  Roach x2  
  128  8:19  Infestation Pit  
  127  8:20  Drone  
  127  8:25  Overlord x5  
  110  9:15  Roach x3  
  110  9:16  Roach x7  
  110  9:17  Roach x2  
  120  9:36  Roach x5  
  120  9:37  Roach x3  
  124  9:47  Drone x2  
  124  9:48  Drone x2  
  128  9:59  Hive  
  128  10:00  Hatchery  
  127  10:07  Roach x2  
  127  10:08  Roach x2, Hydralisk x3  
  127  10:11  Hatchery, Grooved Spines  
  127  10:13  Overlord x5  
  140  10:30  Ravager x2  
  140  10:31  Ravager x5  
  140  10:32  Ravager x3  
  150  10:38  Overlord x2  
  150  10:42  Zerg Missile Weapons Level 1  
  150  11:03  Spore Crawler  
  149  11:09  Spore Crawler  
  83  12:03  Hydralisk x4  
  83  12:04  Hydralisk x5  
  101  12:13  Lurker Den  
  100  12:19  Spine Crawler  
  100  12:20  Spine Crawler x2  
  100  12:21  Spine Crawler x2  
  90  12:23  Roach x2  
  90  12:24  Roach x5  
  90  12:26  Spine Crawler  
  90  12:28  Spine Crawler  
  99  12:31  Spine Crawler  
  96  12:41  Spire  
  96  12:43  Hydralisk x2  
  96  12:44  Hydralisk x6  
  111  12:55  Drone x3  
  111  12:56  Queen  
  111  12:58  Hydralisk x2  
  116  12:59  Zergling x8  
  116  13:00  Zergling x6  
  116  13:05  Queen  
  129  13:06  Drone x2  
  129  13:07  Drone x2  
  133  13:17  Drone  
  134  13:20  Hydralisk x5  
  144  13:33  Seismic Spines  
  144  13:40  Extractor  
  143  13:42  Extractor  
  143  13:43  Extractor  
  143  13:45  Extractor  
  143  13:46  Drone x2  
  143  13:48  Drone x3  
  144  13:50  Zergling x4  
  144  13:51  Zergling x16  
  144  13:52  Zergling x8  
  159  13:57  Lurker x4  
  140  14:35  Lurker x4  
  140  14:36  Lurker  
  107  15:00  Zergling x14  
  107  15:01  Zergling x8  
  83  15:32  Zergling x14  
  83  15:33  Zergling x10  
  87  16:04  Zergling x14  
  89  16:05  Zergling x4  
  87  16:22  Zergling x6  
  87  16:23  Zergling x16  
  96  16:26  Zerg Missile Weapons Level 2  
  96  16:28  Zerg Ground Armor Level 1  
  96  16:29  Zergling x2  
  96  16:30  Zergling x6  
  76  16:56  Roach x6  
  76  16:57  Roach x4  
  93  17:12  Drone  
  83  17:24  Hatchery  
  77  17:35  Hatchery  
  68  17:53  Swarm Host x5  
  68  17:54  Swarm Host x6  
  68  17:55  Swarm Host x2  
  107  18:06  Nydus Network  
  107  18:11  Drone x5  
  107  18:12  Spine Crawler  
  110  18:14  Roach x3  
  116  18:39  Roach x7  
  116  18:40  Roach x6  
  142  18:44  Nydus Canal  
  118  19:49  Nydus Canal  
  118  19:51  Roach x2  
  118  19:52  Roach x7  
  138  19:53  Roach x3  
  142  20:15  Hydralisk x4  
  142  20:16  Hydralisk  
  152  20:45  Nydus Canal  
  152  21:01  Drone x3  
  152  21:03  Extractor  
  154  21:04  Extractor  
  75  22:27  Hatchery  
  74  22:32  Hatchery  
  73  22:44  Zergling x12  
  75  22:45  Zergling x12  
  85  22:52  Nydus Canal  
  85  22:58  Roach x4  
  71  23:28  Roach x8  
  71  23:29  Roach x3  
  83  23:42  Spine Crawler  
  83  23:43  Spine Crawler  
  83  23:44  Spine Crawler  
  83  23:45  Spine Crawler x2  
  83  23:48  Spine Crawler  
  75  23:53  Spine Crawler  
  55  23:56  Spine Crawler x3  
  55  23:57  Spine Crawler x2  
  55  23:58  Spine Crawler x2  
Tags
 
Composition
Lurkers
League
Silver
Matchup
PvZ
Spawn Locations
Cross Positions
Add a new tag
Caveats
  • Supply blocks, unpowered buildings, or Contaminate may cause inaccurate times.
  • Supply counts are checked every 10 seconds.